 Dungeon Crawl Stone Soup version 0.22.1-2-g9c5b331 (webtiles) character file.

1663 Miyamura the Magician (level 8, -5/45 HPs)
             Began as a Deep Elf Fire Elementalist on Dec 14, 2018.
             Was a Follower of Vehumet.
             Slain by a black bear (13 damage)
             ... on level 7 of the Dungeon.
             The game lasted 00:25:42 (7692 turns).

Miyamura the Magician (Deep Elf Fire Elementalist)  Turns: 7692, Time: 00:25:43

Health: -5/45      AC:  5    Str:  5    XL:     8   Next: 69%
Magic:  4/18       EV: 15    Int: 23    God:    Vehumet [*.....]
Gold:   397        SH:  6    Dex: 18    Spells: 5/18 levels left

rFire    . . .     SeeInvis .   C - +0 short sword (venom)
rCold    . . .     Gourm    .   E - +0 buckler
rNeg     . . .     Faith    .   a - +0 robe
rPois    .         Spirit   .   e - +0 helmet
rElec    .         Reflect  .   (no cloak)
rCorr    .         Harm     .   x - +0 pair of gloves
MR       .....                  (no boots)
Stlth    +++.......             (no amulet)
HPRegen  0.15/turn              u - +1 ring of protection
MPRegen  0.16/turn              y - +3 ring of dexterity

@: very slightly contaminated
A: no striking features
a: Renounce Religion


You were on level 7 of the Dungeon.
You worshipped Vehumet.
Vehumet was aware of your devotion.
You were hungry.

You visited 2 branches of the dungeon, and saw 8 of its levels.

You collected 533 gold pieces.
You spent 136 gold pieces at shops.

Inventory:

Hand Weapons
 q - a +1 short sword of protection
 B - the +6 hunting sling of the Valley of Death {freeze, rN+ MR+ Int+4}
   (You found it on level 5 of the Dungeon)

   It causes projectiles fired from it to freeze those they strike, causing
   extra injury to most foes and up to half again as much damage against
   particularly susceptible opponents.
   They can also slow down cold-blooded creatures.
   It affects your intelligence (+4).
   It protects you from negative energy.
   It affects your resistance to hostile enchantments.
 C - a +0 short sword of venom (weapon)
Missiles
 d - 107 sling bullets
 g - 240 stones (quivered)
 n - 56 bolts
 p - 52 arrows
 t - 9 poisoned needles
 z - 5 tomahawks
 F - 8 needles of sleeping
Armour
 a - a +0 robe (worn)
 e - a +0 helmet (worn)
 x - a +0 pair of gloves (worn)
 E - a +0 buckler (worn)
Jewellery
 k - an uncursed ring of ice
 u - a +1 ring of protection (left hand)
 y - a +3 ring of dexterity (right hand)
 I - an uncursed ring of resist corrosion {unknown}
Wands
 o - a wand of digging (3)
Scrolls
 f - a scroll of teleportation
 j - 4 scrolls of remove curse
 r - a scroll of fear
 G - a scroll of enchant weapon
 H - a scroll of fog {unknown}
 J - a scroll of identify
 L - a scroll of amnesia {unknown}
Potions
 b - a potion of ambrosia {unknown}
 h - 4 potions of curing
 i - 3 potions of agility
 l - a potion of brilliance {unknown}
 s - a potion of might
 v - a potion of haste
 w - 2 potions of heal wounds
 A - a potion of cancellation {unknown}
 D - a potion of magic {unknown}
Comestibles
 c - 12 rations
 K - 7 chunks of flesh


   Skills:
 - Level 2.9 Fighting
 - Level 5.0 Dodging
 - Level 5.5 Stealth
 + Level 4.9 Shields
 - Level 5.6 Spellcasting
 - Level 4.1 Conjurations
 - Level 5.2 Fire Magic


You had 5 spell levels left.
You knew the following spells:

 Your Spells              Type           Power        Failure   Level  Hunger
a - Flame Tongue          Conj/Fire      ####.        1%          1    None
b - Sandblast             Erth           #.....       9%          1    None
f - Fireball              Conj/Fire      ####......   36%         5    #####..
s - Sticky Flame          Conj/Fire      ####....     13%         4    ####...
t - Throw Flame           Conj/Fire      ####..       1%          2    None

Your spell library contained the following spells:

 Spells                   Type           Power        Failure   Level  Hunger
 Conjure Flame            Conj/Fire      ####....     4%          3    ##.....
 Confusing Touch          Hex            #.....       9%          1    None
 Inner Flame              Hex/Fire       ###.....     9%          3    ##.....
 Confuse                  Hex            #.......     26%         3    ##.....
 Gell's Gravitas          Tloc           #.........   26%         3    ##.....
 Petrify                  Tmut/Erth      #.......     65%         4    ####...
 Metabolic Englaciation   Hex/Ice        #.........   94%         5    #####..
 Yara's Violent Unravell  Hex/Tmut       #.........   94%         5    #####..


Dungeon Overview and Level Annotations

Branches:
Dungeon (7/15)             Temple (1/1) D:5

Altars:
Ashenzari
Cheibriados
Dithmenos
Elyvilon
Fedhas
Gozag
Hepliaklqana
Kikubaaqudgha
Makhleb
Nemelex Xobeh
Qazlal
Ru
Sif Muna
Trog
Uskayaw
Vehumet
Wu Jian
Xom
Yredelemnul
Zin
The Shining One

Shops:
D:6 [*?*

Annotations:
D:4 exclusion: oklob plant


Message History

Casting: Sticky Flame (safe; 13% risk of failure)
Confirm with . or Enter, or press ? or * to list all spells.
Aiming: Flame Tongue (safe; 1% risk of failure)
Press: ? - help, Shift-Dir - straight line, f/p - black bear
Aim: a black bear (severely wounded, berserk, fast, unusually strong, covered The flame tongue hits the black bear.
The black bear is almost dead.
The black bear burns!
The black bear burns!
The black bear stops burning.
The black bear bites you! You block the black bear's attack.
The black bear claws you but does no damage.
Casting: Flame Tongue (safe; 1% risk of failure)
Confirm with . or Enter, or press ? or * to list all spells.
Aiming: Sticky Flame (safe; 13% risk of failure)
Press: ? - help, Shift-Dir - straight line, f/p - black bear
Aim: a black bear (almost dead, berserk, fast, unusually strong)
You miscast Sticky Flame.
You are very lightly contaminated with residual magic.
Lukewarm flames ripple over your body. The black bear bites you!
You die...

#...)..# #############.....#
#......# #..........##.....#
#......# #..........##.....# ..
.......# #..........##.....# ..
.....).###..........##.....####..
........#..........#.............
......#)#..........#.............
......#)#..........#............#
......#>.......h@..........y....#
......#.#...........####........#
........))..........# #........#
'#####..............####..y.....#
.#####..................y........
.#..............#...####...?.....
................#...########.....
##..............#........# #.##..
..####..........#........# #.# ..


You could see a black bear (berserk).

Vanquished Creatures
  A hornet (D:7)
  A wyvern (D:7)
  Eustachio (D:4)
  A centaur (D:6)
  An ogre (D:4)
  2 bullfrogs
  A scorpion (D:6)
  A howler monkey (D:2)
  A crimson imp (D:6)
  A centaur zombie (D:6)
  3 hounds
  2 jellies
  Jessica (D:3)
  An iguana (D:7)
  Natasha (D:3)
  7 orc wizards
  2 worker ants (D:5)
  A hound skeleton (D:6)
  3 gnolls (D:4)
  A worker ant zombie (D:6)
  A howler monkey skeleton (D:6)
  7 adders
  An adder skeleton (D:4)
  3 worms
  2 dart slugs
  23 orcs
  5 bats
  4 giant cockroaches
  9 goblins
  7 hobgoblins
  8 jackals
  2 quokkas
  3 frilled lizards
  A jackal zombie (D:5)
  5 kobolds
  A leopard gecko skeleton (D:6)
  5 rats
120 creatures vanquished.

Notes
Turn   | Place    | Note
-------+----------+-------------------------------------------
     0 | D:1      | Miyamura the Deep Elf Fire Elementalist began the quest for
                  | the Orb.
     0 | D:1      | Reached XP level 1. HP: 10/10 MP: 6/6
   276 | D:1      | Reached XP level 2. HP: 16/16 MP: 4/8
   972 | D:1      | Learned a level 2 spell: Throw Flame
  1190 | D:2      | Reached XP level 3. HP: 16/20 MP: 4/9
  1364 | D:2      | Found a faded altar of an unknown god.
  1453 | D:2      | Noticed Natasha
  1775 | D:2      | Reached skill level 1 in Fighting
  1775 | D:2      | Reached XP level 4. HP: 25/25 MP: 7/11
  2033 | D:3      | Learned a level 4 spell: Sticky Flame
  2729 | D:3      | Noticed Jessica
  2764 | D:3      | Killed Jessica
  3059 | D:3      | Killed Natasha
  3059 | D:3      | Reached XP level 5. HP: 29/29 MP: 2/12
  3502 | D:4      | Learned a level 5 spell: Fireball
  3620 | D:4      | Reached XP level 6. HP: 22/34 MP: 1/14
  4417 | D:4      | Noticed Eustachio
  4422 | D:4      | Killed Eustachio
  4422 | D:4      | Reached XP level 7. HP: 40/40 MP: 12/16
  4458 | D:4      | Found a blossoming altar of Fedhas.
  4479 | D:4      | Noticed an oklob plant
  4754 | D:5      | Entered Level 5 of the Dungeon
  4828 | D:5      | Got a crystal hunting sling
  5129 | D:5      | Got a transparent robe
  5130 | D:5      | Identified the +1 robe of Pitoum {-Cast +Inv rElec rC++}
                  | (You found it on level 5 of the Dungeon)
  5198 | D:5      | Found a staircase to the Ecumenical Temple.
  5362 | D:5      | Reached skill level 5 in Spellcasting
  5608 | Temple   | Entered the Ecumenical Temple
  5812 | Temple   | Became a worshipper of Vehumet
  5857 | D:6      | Found Xeorgh's Magic Scroll Boutique.
  5858 | D:6      | Identified the +6 hunting sling of the Valley of Death
                  | {freeze, rN+ MR+ Int+4} (You found it on level 5 of the
                  | Dungeon)
  5880 | D:6      | Found a deep blue altar of Sif Muna.
  5898 | D:6      | Reached skill level 5 in Stealth
  6193 | D:6      | Found Xolezoett's Assorted Antiques.
  6255 | D:6      | Reached skill level 5 in Fire Magic
  6369 | D:6      | Bought a potion of curing for 87 gold pieces
  6393 | D:6      | Reached skill level 5 in Dodging
  6498 | D:6      | Found Missar's Armour Shop.
  6507 | D:6      | Reached XP level 8. HP: 43/45 MP: 18/18
  6524 | D:6      | Bought a +0 buckler for 49 gold pieces
  6604 | D:6      | Found a stormy altar of Qazlal.
  6634 | D:6      | Reached skill level 1 in Shields
  6876 | D:6      | Found Bailagim's Assorted Antiques.
  7029 | D:6      | Reached * piety under Vehumet
  7029 | D:6      | Offered knowledge of Sandblast by Vehumet.
  7033 | D:6      | Learned a level 1 spell: Sandblast
  7260 | D:7      | Noticed a hornet
  7684 | D:7      | Killed a hornet
  7692 | D:7      | Slain by a black bear

Skill      XL: |  1  2  3  4  5  6  7  8 |
---------------+-------------------------+-----
Stealth        | 3 4 5 |  5.5
Fighting       | 1 2 |  2.9
Dodging        | 3 4 5 |  5.0
Conjurations   | 2 3 4 |  4.1
Spellcasting   | 4 5 |  5.6
Fire Magic     | 4 5 |  5.2
Shields        | 4 |  4.9

Action                   |  1- 3 |  4- 6 |  7- 9 || total
-------------------------+-------+-------+-------++-------
Melee: Dagger            |       |     1 |       ||     1
       Short sword       |       |       |    90 ||    90
Throw: Stone             |       |     3 |       ||     3
 Cast: Flame Tongue      |    52 |    76 |    79 ||   207
       Throw Flame       |     1 |     9 |    12 ||    22
       Sticky Flame      |       |     2 |    15 ||    17
Evoke: Wand              |       |     4 |     3 ||     7
  Use: Scroll            |     6 |     9 |     5 ||    20
       Potion            |       |     1 |     1 ||     2
 Stab: Sleeping          |       |     1 |     6 ||     7
  Eat: Chunk             |     2 |     9 |    12 ||    23
Armor: Robe              |     4 |     6 |    25 ||    35
Dodge: Dodged            |    13 |    34 |   101 ||   148
Block: Buckler           |       |       |    14 ||    14
